 Dungeon Crawl Stone Soup version 0.21.0 (webtiles) character file.

436 mortelune the Conjurer (level 6, -1/45 HPs)
             Began as a Draconian Fire Elementalist on Jan 6, 2018.
             Slain by an orc wizard
             ... wielding a +0 dagger
              (2 damage)
             ... on level 4 of the Dungeon.
             The game lasted 00:13:31 (5267 turns).

mortelune the Conjurer (DrFE)                       Turns: 5267, Time: 00:13:32

Health: -1/45      AC:  6    Str: 10    XL:     6   Next: 68%
Magic:  4/11       EV: 12    Int: 17    God:
Gold:   149        SH:  0    Dex: 12    Spells: 2/12 levels left

rFire    . . .     SeeInvis .   r - +0 trident
rCold    . . .     Gourm    .   (no shield)
rNeg     . . .     Faith    .   (armour unavailable)
rPois    .         Spirit   .   (helmet restricted)
rElec    .         Reflect  .   (no cloak)
rCorr    .         Harm     .   (no gloves)
MR       .....                  (no boots)
Stlth    +.........             (no amulet)
HPRegen  0.15/turn              (no ring)
MPRegen  0.12/turn              (no ring)

@: confused
A: unfitting armour, cold-blooded, AC +6
a: no special abilities


You were on level 4 of the Dungeon.
You were very hungry.

You visited 1 branch of the dungeon, and saw 4 of its levels.

You collected 149 gold pieces.

Inventory:

Hand Weapons
 c - a +0 dagger
 e - a +0 mace of pain
 l - a +1 short sword of venom
 r - a +0 trident (weapon)
Jewellery
 f - an uncursed amulet of guardian spirit {unknown}
Wands
 n - a wand of digging (9)
Scrolls
 d - 2 scrolls of blinking
 i - a scroll of random uselessness
 k - 2 scrolls of amnesia
 m - a scroll of immolation {unknown}
 p - a scroll of remove curse {unknown}
Potions
 g - a potion of ambrosia {unknown}
 h - a potion of curing {unknown}
 j - a potion of haste {unknown}
 o - a potion of resistance {unknown}
Books
 a - a book of Flames

   Spells                             Type                      Level
   a - Flame Tongue                   Conjuration/Fire             1
   b - Throw Flame                    Conjuration/Fire             2
   c - Conjure Flame                  Conjuration/Fire             3
   d - Inner Flame                    Hexes/Fire                   3
   e - Sticky Flame                   Conjuration/Fire             4
   f - Fireball                       Conjuration/Fire             5
Comestibles
 b - 9 rations


   Skills:
 - Level 1.7 Dodging
 - Level 1.7 Stealth
 + Level 3.6 Spellcasting
 * Level 4.9 Conjurations
 + Level 4.5 Fire Magic


You had 2 spell levels left.
You knew the following spells:

 Your Spells              Type           Power        Failure   Level  Hunger
a - Flame Tongue          Conj/Fire      ###..        2%          1    None
b - Throw Flame           Conj/Fire      ###...       3%          2    ##.....
c - Conjure Flame         Conj/Fire      ###.....     7%          3    ###....
d - Sticky Flame          Conj/Fire      ###.....     22%         4    ####...


Dungeon Overview and Level Annotations

Branches:
Dungeon (4/15)
 Temple: D:4-7

Altars:
Hepliaklqana
Kikubaaqudgha

Annotations:
D:3 Grinder


Innate Abilities, Weirdness & Mutations

Your plain brown scales are hard. (AC +6)
You cannot fit into any form of body armour.
You are cold-blooded and may be slowed by cold attacks.


Message History

Attack whom?
Press: ? - help, Dir - move target cursor You reach to attack!
You closely miss something.
Attack whom?
Press: ? - help, Dir - move target cursor You reach to attack!
You miss something.
You hear some strange, mumbled words.
Something tries to affect you, but you resist.
Attack whom?
Press: ? - help, Dir - move target cursor You reach to attack!
You miss something.
You hear some strange, mumbled words.
You are confused.
You're too confused!
You are engulfed in blazing flames.
Something hits you but does no damage.
You bump into the rock wall.
You are engulfed in blazing flames.
Ouch! That really hurt!
* * * LOW HITPOINT WARNING * * *
Something hits you.
You die...

... # ... #. #.#
#.########## #.#
#....).)...# #.#
###..#####.# 8 #.#
##..### #.#
....####.#######.....#
#.#
#.....)..{@..........#
#.#
.........#######.....#
#.# ##..###### #.....#
#.# #. #.....# #.#
###.### #.# #.# #.#
#.# #.# #.# #.# #.#
#.##


There were no monsters in sight!

Vanquished Creatures
  The ghost of mortelune the Firebug, an amateur DrFE (D:3)
  An orc priest (D:4)
  A jelly (D:3)
  Ijyb (D:3)
  2 worker ants (D:4)
  An iguana (D:2)
  A hound skeleton (D:4)
  3 gnolls (D:2)
  4 adders
  A worm (D:2)
  3 dart slugs (D:1)
  3 leopard geckos
  5 orcs
  A bat (D:2)
  2 giant cockroaches
  5 goblins
  8 hobgoblins
  7 jackals
  A quokka (D:2)
  2 ball pythons
  6 frilled lizards
  4 kobolds
  A quokka skeleton (D:4)
  6 rats
70 creatures vanquished.

Notes
Turn   | Place    | Note
-------+----------+-------------------------------------------
     0 | D:1      | mortelune the Draconian Fire Elementalist began the quest for the Orb.
     0 | D:1      | Reached XP level 1. HP: 14/14 MP: 3/3
   241 | D:1      | Reached XP level 2. HP: 19/20 MP: 0/5
   252 | D:1      | Learned a level 2 spell: Throw Flame
  1155 | D:2      | Found an ancient bone altar of Kikubaaqudgha.
  1317 | D:2      | Reached XP level 3. HP: 26/26 MP: 3/6
  1677 | D:2      | Found a hazy altar of Hepliaklqana.
  2131 | D:2      | Reached XP level 4. HP: 33/33 MP: 3/7
  2460 | D:2      | Learned a level 3 spell: Conjure Flame
  3333 | D:3      | Reached XP level 5. HP: 38/38 MP: 4/9
  3567 | D:3      | Noticed mortelune's ghost (amateur DrFE)
  3765 | D:3      | Noticed Grinder
  3998 | D:3      | Noticed Ijyb
  4017 | D:3      | Killed Ijyb
  4172 | D:3      | Learned a level 4 spell: Sticky Flame
  4277 | D:3      | Killed mortelune's ghost
  4277 | D:3      | Reached XP level 6. HP: 45/45 MP: 2/11
  5267 | D:4      | HP: 1/45 [cloud of flame (23)]
  5267 | D:4      | Slain by an orc wizard

Skill      XL: |  1  2  3  4  5 |
---------------+----------------+-----
Conjurations   | 2 3 4 |  4.9
Spellcasting   | 3 |  3.6
Fire Magic     | 4 |  4.5
Dodging        | |  1.7
Stealth        | |  1.7

Action                   |  1- 3 |  4- 6 || total
-------------------------+-------+-------++-------
Melee: Mace              |     9 |     9 ||    18
       Trident           |       |     7 ||     7
 Cast: Flame Tongue      |    44 |    90 ||   134
       Throw Flame       |     6 |     8 ||    14
       Conjure Flame     |       |     4 ||     4
       Sticky Flame      |       |     1 ||     1
  Use: Scroll            |       |     4 ||     4
  Eat: Chunk             |     4 |    10 ||    14
Armor: Skin              |     6 |    29 ||    35
Dodge: Dodged            |    12 |    57 ||    69
